 Dungeon Crawl Stone Soup version 0.22-a0-448-g1fb7470 (webtiles) character file.

403 iamserjio the Sneak (level 6, -2/42 HPs)
             Began as an Octopode Assassin on June 4, 2018.
             Was an Initiate of Elyvilon.
             Slain by derrymb's ghost (16 damage)
             ... on level 5 of the Dungeon.
             The game lasted 00:09:40 (4779 turns).

iamserjio the Sneak (Octopode Assassin)             Turns: 4779, Time: 00:09:41

Health: -2/42      AC:  1    Str: 10    XL:     6   Next: 86%
Magic:  6/6        EV: 15    Int: 14    God:    Elyvilon [......]
Gold:   290        SH:  0    Dex: 15    Spells: 2/5 levels left

rFire    . . .     SeeInvis .   a - +2 dagger
rCold    . . .     Gourm    .   (no shield)
rNeg     . . .     Faith    .   (helmet restricted)
rPois    .         Spirit   .   (no amulet)
rElec    .         Reflect  .   (no ring)
rCorr    .         Harm     .   (no ring)
MR       .....                  (no ring)
Stlth    ++++......             (no ring)
HPRegen  0.14/turn              (no ring)
MPRegen  0.10/turn              (no ring)
                                (no ring)
                                (no ring)

@: about to teleport
A: almost no armour, stealthy swim, amphibious, 8 rings, constrict 8, camouflage
1, gelatinous body 1
a: Renounce Religion


You were on level 5 of the Dungeon.
You worshipped Elyvilon.
Elyvilon was noncommittal.
You were hungry.

You visited 2 branches of the dungeon, and saw 6 of its levels.

You collected 290 gold pieces.

Inventory:

Hand Weapons
 a - a +2 dagger (weapon)
 b - a +0 blowgun
Missiles
 c - 8 poisoned needles
 d - 2 curare-tipped needles
 k - 2 needles of sleeping
Jewellery
 t - an uncursed amulet of the acrobat {unknown}
Scrolls
 g - 2 scrolls of enchant weapon {unknown}
 h - 2 scrolls of enchant armour {unknown}
 i - 2 scrolls of teleportation
 m - 3 scrolls of remove curse
 o - a scroll of amnesia {unknown}
 r - a scroll of identify {unknown}
 s - 2 scrolls of noise {unknown}
 u - a scroll of immolation {unknown}
 x - a scroll of fog {unknown}
Potions
 e - 2 potions of cancellation {unknown}
 j - 3 potions of heal wounds {unknown}
 l - 2 potions of might {unknown}
 n - 2 potions of lignification {unknown}
 p - 4 potions of curing {unknown}
 q - a potion of brilliance {unknown}
 v - 2 potions of haste {unknown}
 w - a potion of experience {unknown}
Comestibles
 f - 6 rations


   Skills:
 + Level 3.2 Fighting
 * Level 4.3 Short Blades
 - Level 2.0 Throwing
 + Level 3.9 Dodging
 + Level 6.6 Stealth
 + Level 0.0 Invocations


You had 2 spell levels left.
You knew the following spells:

 Your Spells              Type           Power        Failure   Level  Hunger
a - Confuse               Hex            #.......     65%         3    ####...

Your spell library contained the following spells:

 Spells                   Type           Power        Failure   Level  Hunger
 Confusing Touch          Hex            #.....       28%         1    ##.....
 Metabolic Englaciation   Hex/Ice        #.........   100%        5    ######.
 Petrify                  Tmut/Erth      #.......     96%         4    #####..
 Gell's Gravitas          Tloc           #.........   65%         3    ####...
 Yara's Violent Unravell  Hex/Tmut       #.........   100%        5    ######.


Dungeon Overview and Level Annotations

Branches:
Dungeon (5/15)             Temple (1/1) D:5

Altars:
Ashenzari
Cheibriados
Dithmenos
Elyvilon
Hepliaklqana
Kikubaaqudgha
Makhleb
Okawaru
Qazlal
Ru
Sif Muna
Trog
Uskayaw
Vehumet
Wu Jian
Yredelemnul
Zin
The Shining One

Annotations:
D:5 derrymb's ghost, novice DDFi


Innate Abilities, Weirdness & Mutations

You cannot wear most types of armour.
You are very stealthy in the water. (Stealth+)
You are amphibious.
You can wear up to eight rings at the same time.
You can use your tentacles to constrict eight enemies at once.
Your skin changes colour to match your surroundings (Stealth+).
Your rubbery body absorbs attacks. (AC +1, EV +1)


Message History

Elyvilon welcomes you!
There is an open door here.
There is an open door here.
You are feeling hungry.
There is a staircase back to the Dungeon here.
You climb upwards.
Welcome back to the Dungeon!
Level annotation: derrymb's ghost, novice DDFi Derrymb's ghost closely misses you.
Derrymb's ghost stares at you. Derrymb's ghost hits you!
There is a staircase to the Ecumenical Temple, spattered with blood here.
Derrymb's ghost hits you!
Derrymb's ghost shouts, "I have seen your future, and it is all used up."
Derrymb's ghost hits you!
There is an open door here.
Press: ? - help, v - describe, . - travel The floor.
As you read the scroll of teleportation, it crumbles to dust.
You feel strangely unstable. Derrymb's ghost hits you!
You die...

#.##.....###
#.#.##.......
..#.##.....# #
#.#.##֠...# #
#.#.#...##########
#.#..............)
#.#.....##########
#.#.....#
#@#.##### #W#...#
## ...####.###.##
#. ........# #..#
#. ...####'####.#
#. #.......#.# #.
#.......#.# #.
#...>...'.# #.
#?......### ##


You could see derrymb's ghost.

Vanquished Creatures
  A centaur (D:5)
  A scorpion (D:4)
  A centaur skeleton (D:4)
  An adder (D:5)
  12 gnolls
  A shadow imp (Temple)
  An ooze (D:1)
  4 worms
  3 dart slugs
  3 leopard geckos
  7 orcs
  8 giant cockroaches
  4 goblins
  6 hobgoblins
  13 jackals
  2 ball pythons (D:3)
  3 bats
  4 frilled lizards
  9 kobolds
  A leopard gecko skeleton (D:4)
  5 rats
90 creatures vanquished.

Notes
Turn   | Place    | Note
-------+----------+-------------------------------------------
     0 | D:1      | iamserjio the Octopode Assassin began the quest for the Orb.
     0 | D:1      | Reached XP level 1. HP: 14/14 MP: 1/1
    56 | D:1      | Reached XP level 2. HP: 9/19 MP: 2/2
   587 | D:1      | Reached XP level 3. HP: 11/24 MP: 3/3
  1394 | D:3      | Reached XP level 4. HP: 29/30 MP: 4/4
  1781 | D:3      | Found a shadowy altar of Dithmenos.
  1804 | D:3      | Learned a level 3 spell: Confuse
  2040 | D:3      | Reached XP level 5. HP: 31/35 MP: 5/5
  2293 | D:2      | Found a glowing golden altar of the Shining One.
  2293 | D:2      | Found a burning altar of Makhleb.
  2293 | D:2      | Found a sacrificial altar of Ru.
  2293 | D:2      | Found a shattered altar of Ashenzari.
  2586 | D:2      | Found a snail-covered altar of Cheibriados.
  2660 | D:2      | Reached skill level 6 in Stealth
  3071 | D:4      | Noticed a hippogriff
  3380 | D:4      | Found a deep blue altar of Sif Muna.
  3380 | D:4      | Found a glowing silver altar of Zin.
  3380 | D:4      | Found an iron altar of Okawaru.
  3519 | D:4      | Reached XP level 6. HP: 33/41 MP: 6/6
  3828 | D:5      | Entered Level 5 of the Dungeon
  4617 | D:5      | Found a staircase to the Ecumenical Temple.
  4621 | D:5      | Noticed derrymb's ghost (novice DDFi)
  4624 | Temple   | Entered the Ecumenical Temple
  4758 | Temple   | Became a worshipper of Elyvilon the Healer
  4779 | D:5      | Slain by derrymb's ghost

Vault maps used:
D:1:      dpeg_arrival_houses_and_road
D:2:      grunt_temple_overflow_open, lemuel_doored_altar, first_ration
D:3:      lemuel_crystal_altar
D:4:      gammafunk_temple_overflow_forgotten
D:5:      nemelex_altar_shiori, temple_green, minmay_misc_feat_chi
Temple:   nicolae_temple_figure_zero

Skill      XL: |  1  2  3  4  5  6 |
---------------+-------------------+-----
Dodging        | 2 3 |  3.9
Short Blades   | 3 4 |  4.3
Stealth        | 6 |  6.6
Fighting       | 3 |  3.2
Throwing       | |  2.0

Action                   |  1- 3 |  4- 6 || total
-------------------------+-------+-------++-------
Melee: Dagger            |    68 |   131 ||   199
       Tentacles         |    15 |    27 ||    42
       Constrict         |    18 |    28 ||    46
 Fire: Blowgun           |       |     3 ||     3
  Use: Scroll            |       |     3 ||     3
 Stab: Sleeping          |    13 |    21 ||    34
  Eat: Chunk             |     1 |     7 ||     8
       Ration            |       |     1 ||     1
Armor: Skin              |     2 |     6 ||     8
Dodge: Dodged            |    42 |    69 ||   111

Table legend:
 A = Spawn XP
 B = Non-spawn XP
 C = Spawn XP percentage of total XP
 D = Spawn monster count
 E = Non-spawn monster count
 F = Spawn count percentage of total count
 G = Total turns spent on level
                    A         B        C        D         E        F      G
               +---------+---------+-------+---------+---------+-------+---------
         Total |       0 |     576 |   0.0 |       0 |      90 |   0.0 |  4779
               +---------+---------+-------+---------+---------+-------+---------
           D:1 |       0 |      57 |   0.0 |       0 |      28 |   0.0 |  1174
           D:2 |       0 |      71 |   0.0 |       0 |      16 |   0.0 |   844
           D:3 |       0 |     106 |   0.0 |       0 |      28 |   0.0 |  1062
           D:4 |       0 |     119 |   0.0 |       0 |       4 |   0.0 |   996
           D:5 |       0 |     212 |   0.0 |       0 |      13 |   0.0 |   556
        Temple |       0 |      11 |   0.0 |       0 |       1 |   0.0 |   147
               +---------+---------+-------+---------+---------+-------+---------
